AoeStats
← 一喜之狼一

Black Forest

507321973Analyzed
4v4 RM · 15d ago on Sep 17, 2026· 77m 18s· 8 players
Game mode
Random Map
Map size
Large (8 player)
Population
200
Speed
Normal
Resources
Standard
Victory
Conquest
Starting age
Dark Age
Ending age
Imperial Age
RankedLock teamsTeams togetherTeam positionsShared explorationLock speedFull tech treeHidden civsTurbo modeCheats
Victory
Defeat
🇨🇳 Turks · China
1072
+15
🇺🇸 Japanese · United States
1043
+17
🇺🇸 Chinese · United States
1042
+17
🇹🇷 Ethiopians · Türkiye
1001
+18
🇩🇪 Teutons · Germany
1089
-18
🇩🇪 Sicilians · Germany
1077
-18
🇩🇪 Bohemians · Germany
1042
-16
🇩🇪 Vikings · Germany
1008
-20
Hi, my name is Jonathan Rogers,
1:32 Loom
10:59 Feudal Age
12:38 Wheelbarrow
12:02 Double-Bit Axe
15:44 Man-at-Arms
18:44 Fletching
22:19 Castle Age
21:37 Gold Mining
21:42 Stone Mining
24:28 Long Swordsman
25:09 Squires
24:54 Gambesons
26:42 Fishing Lines
27:51 Gillnets
28:00 Arson
28:33 Gold Mining
29:07 Bow Saw
29:09 Scale Mail Armor
31:14 Chain Mail Armor
34:43 Imperial Age
36:24 Plate Mail Armor
36:10 Bodkin Arrow
38:24 Gold Shaft Mining
38:07 Hand Cart
38:57 Ballistics
38:38 Bracer
38:49 Forging
40:38 Conscription
41:57 Iron Casting
41:44 Masonry
42:35 Chemistry
42:28 Siege Engineers
43:35 Kataparuto
43:35 Guard Tower
43:31 Arrowslits
43:43 Murder Holes
43:29 Treadmill Crane
44:35 Elite Samurai
46:01 Keep
46:44 Yasama
48:43 Elite Skirmisher
56:46 Caravan
59:15 Fortified Wall
gameishard7
0:32 Loom
11:55 Feudal Age
16:40 Castle Age
15:41 Double-Bit Axe
17:03 Horse Collar
17:57 Forging
19:32 Scale Barding Armor
21:21 Bloodlines
27:17 Iron Casting
30:49 Wheelbarrow
34:21 Imperial Age
32:22 Heavy Plow
32:38 Bow Saw
32:34 Stone Mining
32:35 Gold Mining
33:15 Fletching
33:48 Ballistics
35:16 Bodkin Arrow
36:24 Chemistry
35:27 Padded Archer Armor
36:37 Bracer
37:21 Elite Chu Ko Nu
39:43 Hand Cart
39:46 Leather Archer Armor
40:41 Two-Man Saw
41:25 Stone Shaft Mining
41:26 Gold Shaft Mining
43:09 Ring Archer Armor
45:43 Fortified Wall
46:08 Guard Tower
50:08 Blast Furnace
49:29 Chain Barding Armor
50:01 Conscription
49:44 Great Wall
50:36 Scale Mail Armor
50:02 Pikeman
50:43 Squires
50:28 Arson
57:13 Chain Mail Armor
56:22 Halberdier
58:47 Caravan
61:24 Plate Mail Armor
e4gl3
0:27 Loom
10:29 Feudal Age
11:51 Double-Bit Axe
11:49 Horse Collar
15:49 Town Watch
18:37 Castle Age
19:49 Bow Saw
19:41 Heavy Plow
19:44 Padded Archer Armor
19:34 Fletching
22:11 Gold Mining
23:57 Crossbowman
27:26 Squires
28:40 Thumb Ring
28:54 Leather Archer Armor
28:34 Bodkin Arrow
33:02 Gold Shaft Mining
33:41 Bodkin Arrow
39:04 Scale Barding Armor
39:01 Scale Mail Armor
39:12 Forging
40:10 Light Cavalry
40:51 Husbandry
42:01 Ballistics
46:45 Imperial Age
44:51 Wheelbarrow
44:20 Town Patrol
46:02 Chain Barding Armor
46:17 Iron Casting
45:58 Chain Mail Armor
47:15 Hussar
49:49 Wheelbarrow
50:21 Ring Archer Armor
49:51 Bracer
49:21 Arbalester
50:57 Hand Cart
51:30 Halberdier
52:02 Arson
52:08 Arson
58:40 Plate Mail Armor
59:10 Blast Furnace
63:16 Elite Skirmisher
65:13 Chemistry
66:59 Stone Mining
70:55 Two-Man Saw
76:03 Caravan
一喜之狼一
0:30 Loom
13:25 Feudal Age
18:46 Double-Bit Axe
21:59 Gold Mining
24:57 Castle Age
32:26 Horse Collar
33:22 Fletching
34:28 Murder Holes
36:14 Bodkin Arrow
43:17 Scale Barding Armor
43:45 Forging
43:38 Husbandry
44:00 Bloodlines
46:30 Heavy Plow
52:19 Imperial Age
51:07 Iron Casting
50:52 Chain Barding Armor
51:53 Wheelbarrow
53:29 Conscription
53:14 Artillery
53:44 Bracer
54:35 Treadmill Crane
55:19 Bombard Tower
54:46 Treadmill Crane
56:08 Cavalier
62:28 Fortified Wall
62:29 Masonry
63:32 Ballistics
67:17 Hoardings
69:05 Caravan
71:31 Hand Cart
gOMESS
8:24 Loom
10:48 Feudal Age
11:15 Man-at-Arms
11:45 Arson
12:06 Double-Bit Axe
21:28 Castle Age
19:13 Horse Collar
20:06 Forging
20:22 Gold Mining
20:54 Scale Mail Armor
21:46 Long Swordsman
23:22 Bow Saw
24:33 Bloodlines
28:36 Chain Mail Armor
28:57 Iron Casting
37:10 Imperial Age
37:37 Cavalier
38:41 Pikeman
41:50 Blast Furnace
48:05 Two-Man Saw
47:13 Heavy Plow
49:16 Conscription
49:05 Two-Handed Swordsman
49:46 Squires
49:32 Gambesons
50:04 Capped Ram
51:19 Scale Barding Armor
51:45 Plate Mail Armor
55:25 Halberdier
58:01 Ironclad
62:38 Elite Teutonic Knight
69:24 Chemistry
JeaNrea38
5:13 Loom
12:51 Feudal Age
13:35 Double-Bit Axe
13:29 Man-at-Arms
13:55 Arson
15:03 Forging
22:36 Castle Age
21:24 Horse Collar
22:16 Scale Mail Armor
23:37 Bow Saw
23:05 Long Swordsman
23:46 Squires
29:33 Wheelbarrow
31:43 Chemistry
30:12 Pikeman
32:33 Chain Mail Armor
32:43 Ballistics
37:58 Fervor
41:39 Imperial Age
39:25 Hand Cart
39:29 Heavy Plow
41:08 Coinage
40:38 Caravan
41:53 Houfnice
44:34 Two-Man Saw
50:11 Halberdier
53:28 Elite Skirmisher
57:25 Plate Mail Armor
57:31 Iron Casting
56:47 Fletching
56:57 Padded Archer Armor
61:21 Banking
64:50 Bodkin Arrow
65:10 Leather Archer Armor
65:42 Bracer
76:06 Wagenburg Tactics
76:25 Conscription
75:40 Elite Hussite Wagon
Der Soldat James Ryan
2:16 Loom
11:54 Feudal Age
13:44 Double-Bit Axe
22:42 Castle Age
20:59 Scale Mail Armor
21:35 Forging
22:18 Fletching
24:27 Chain Mail Armor
26:53 Iron Casting
30:00 Bodkin Arrow
32:23 Bow Saw
39:49 Imperial Age
38:02 Ballistics
38:59 Husbandry
39:04 Horse Collar
43:51 Scale Barding Armor
44:44 Conscription
45:14 Gold Mining
44:54 Light Cavalry
45:17 Pikeman
46:48 Gold Shaft Mining
46:56 Wheelbarrow
46:07 Town Watch
46:57 Bloodlines
49:25 Chain Barding Armor
50:07 Blast Furnace
50:21 Squires
50:14 Halberdier
52:00 Plate Mail Armor
52:31 Cavalier
55:50 Caravan
57:46 Plate Barding Armor
57:12 Bracer
58:13 Elite Serjeant
60:32 First Crusade
sennahoj
11:11 Feudal Age
11:41 Double-Bit Axe
14:27 Horse Collar
14:31 Man-at-Arms
15:25 Arson
17:10 Loom
17:21 Town Watch
20:37 Castle Age
18:47 Gold Mining
19:36 Fletching
20:53 Elite Skirmisher
22:10 Bow Saw
22:02 Bodkin Arrow
23:46 Heavy Plow
25:17 Stone Mining
27:22 Padded Archer Armor
28:41 Ballistics
37:13 Imperial Age
35:58 Fortified Wall
38:54 Pikeman
39:35 Squires
42:11 Leather Archer Armor
41:57 Bracer
43:11 Conscription
42:55 Chieftains
47:31 Ring Archer Armor
48:29 Heavy Scorpion
50:29 Forging
50:20 Scale Mail Armor
50:41 Caravan
53:01 Long Swordsman
54:14 Siege Engineers
55:12 Chemistry
56:38 Two-Man Saw
56:13 Crop Rotation
59:19 Coinage
71:11 Capped Ram
73:03 Siege Ram
Connection lost

Rejoining the realm…

Still unreachable

The connection could not be restored.

Session expired

The server has moved on; the page needs a fresh start.